 Dungeon Crawl Stone Soup version 0.18.1-48-g4cf74bf (webtiles) character file.

45 Joat the Insei (level 3, 2/29 HPs)
             Began as a Draconian Transmuter on Aug 15, 2016.
             Quit the game on level 1 of the Dungeon.
             The game lasted 00:05:28 (811 turns).

Joat the Insei (Draconian Transmuter)                Turns: 811, Time: 00:05:29

Health: 2/29       AC:  5    Str: 17    XL:     3   Next: 42%
Magic:  6/6        EV: 12    Int: 13    God:
Gold:   74         SH:  0    Dex: 12    Spells: 1 memorised, 5 levels left

rFire  . . .     SeeInvis .     e - +1 dagger
rCold  . . .     Gourm    .     (armour unavailable)
rNeg   . . .     Faith    .     (no shield)
rPois  .         Spirit   .     (helmet restricted)
rElec  .         Dismiss  .     (no cloak)
rCorr  .         Reflect  .     (no gloves)
SustAt .         Harm     .     (no boots)
MR     .....                    (no amulet)
Stlth  +.........               (no ring)
                                (no ring)

@: mighty, lethally poisoned (2 -> -1), about to teleport, not resistant to
hostile enchantments, very unstealthy
A: unfitting armour, cold-blooded, AC +5
a: no special abilities


You were on level 1 of the Dungeon.
You were not hungry.

You visited 1 branch of the dungeon, and saw 2 of its levels.

You collected 74 gold pieces.

Inventory:

Hand Weapons
 e - a +1 dagger (weapon)
Missiles
 a - 24 arrows
Books
 b - a book of Changes

   Spells                             Type                      Level
   a - Beastly Appendage              Transmutation                1
   b - Sticks to Snakes               Transmutation                2
   c - Spider Form                    Transmutation/Poison         3
   d - Ice Form                       Ice/Transmutation            4
   e - Blade Hands                    Transmutation                5
Comestibles
 c - 2 bread rations
 d - 3 chunks of flesh
 l - a slice of pizza
 m - a meat ration


   Skills:
 + Level 2.2 Fighting
 + Level 2.2 Dodging
 + Level 3.7 Unarmed Combat
 - Level 2.0 Spellcasting
 - Level 2.0 Transmutations


You had 5 spell levels left.
You knew the following spells:

 Your Spells              Type           Power        Failure   Level  Hunger
q - Beastly Appendage     Trmt           #.....       12%         1    ##.....


Dungeon Overview and Level Annotations

Branches:
Dungeon (2/15)

Altars:
Ashenzari


Innate Abilities, Weirdness & Mutations

Your plain brown scales are hard (AC +5).
Your body does not fit into most forms of armour.
You are cold-blooded and may be slowed by cold attacks.


Message History

As you read the scroll labeled CEEWNA FUUSAN, it crumbles to dust.
It is a scroll of enchant armour.
You aren't carrying any armour which can be enchanted further.
Read which item? (? for menu, Esc to quit)
Okay, then.
Sorry, you're not good enough to have a special ability.
You aren't carrying any potions.
You aren't carrying any potions.
Read which item? (? for menu, Esc to quit)
You don't have any such object.
Read which item? (? for menu, Esc to quit)
You don't have any such object.
Read which item? (? for menu, Esc to quit)
You don't have any such object.
Read which item? (? for menu, Esc to quit)
Okay, then.
Unknown command.
Unknown command.
Unknown command.
Are you sure you want to abandon this character and quit the game? (Confirm with "yes".)

..............#
########
########.....##
#....... ##..#####
#....... ######.[##
#....... )......##
#####....... ####.###
###........... #.#
###########
#...###....... #.#
#.......†.###.###
#...[... #.#
#........@##).#
#....... #.#
#.........##.##
####)### ###.#
#####.######.# #..#
#...# ##.........#
##.## #####
#....#############..#
PPPP♣♣#....#
#........## #
P..PPP#....#
#.......## #
..PPPP#....#
#.......# #
♣.P♣.P#....#
#.......#


There were no monsters in sight!

Vanquished Creatures
  An adder (D:1)
  A worm (D:2)
  2 giant geckos (D:1)
  5 bats
  4 giant cockroaches (D:1)
  3 goblins
  7 hobgoblins (D:1)
  A giant newt (D:1)
  A kobold (D:1)
  A rat (D:1)
26 creatures vanquished.

Notes
Turn   | Place    | Note
--------------------------------------------------------------
     0 | D:1      | Joat the Draconian Transmuter began the quest for the Orb.
     0 | D:1      | Reached XP level 1. HP: 16/16 MP: 3/3
   110 | D:1      | Reached XP level 2. HP: 12/23 MP: 5/5
   763 | D:2      | Reached XP level 3. HP: 29/29 MP: 6/6
   789 | D:2      | Found a shattered altar of Ashenzari.
   811 | D:1      | Quit the game

Skill      XL: |  1  2 |
---------------+-------+-----
Dodging        | 2 |  2.2
Fighting       | 2 |  2.2
Unarmed Combat | |  3.7
Spellcasting   | |  2.0
Transmutations | |  2.0

Action                   || total
-------------------------++-------
Melee: Dagger            ||   111
       Unarmed           ||    13
       Tailslap          ||    12
       Punch             ||     1
Throw: Javelin           ||    15
  Use: Scroll            ||     3
       Potion            ||     2
Armor: Skin              ||    46
Dodge: Dodged            ||    97
